 Dungeon Crawl Stone Soup version 0.18-a0-27-g1f73fa3 (webtiles) character file.

274 Ordine the Grave Robber (level 6, 6/41 HPs)
             Began as a Human Necromancer on Nov 4, 2015.
             Quit the game on level 3 of the Dungeon.
             The game lasted 00:25:06 (5406 turns).

Ordine the Grave Robber (Human Necromancer)         Turns: 5406, Time: 00:25:07

Health: 6/41       AC:  2    Str:  9      XL:     6   Next: 49%
Magic:  2/13       EV: 12    Int: 17      God:
Gold:   185        SH:  0    Dex: 11 (13) Spells: 5 memorised, 2 levels left

rFire  . . .     SeeInvis +     j - +0 dagger
rCold  . . .     Clarity  .     a - +0 robe
rNeg   . . .     SustAt   .     (no shield)
rPois  +         Gourm    .     (no helmet)
rElec  .         Spirit   .     (no cloak)
rCorr  .         Warding  .     (no gloves)
rMut   .         Stasis   .     (no boots)
MR     .....                    (no amulet)
Stlth  ++........               p - ring of poison resistance
                                n - ring of see invisible

@: not resistant to hostile enchantments, unstealthy
A: no striking features
a: no special abilities


You were on level 3 of the Dungeon.
You were hungry.

You visited 1 branch of the dungeon, and saw 4 of its levels.

You collected 185 gold pieces.

Inventory:

Hand Weapons
 j - a +0 dagger (weapon)
Armour
 a - a +0 robe (worn)
Jewellery
 n - a ring of see invisible (left hand)
 p - a ring of poison resistance (right hand)
 s - an uncursed amulet of guardian spirit
Wands
 x - a wand of digging (9)
Scrolls
 r - 5 scrolls of remove curse
Potions
 d - a potion of brilliance
 e - a potion of might
 h - 2 potions of curing {unknown}
 i - 2 potions of lignification {unknown}
 k - 2 potions of ambrosia {unknown}
 l - a potion of agility {unknown}
 q - a potion of haste
 t - a potion of berserk rage {unknown}
 u - 2 potions of poison {unknown}
Books
 b - a book of Necromancy

   Spells                             Type                      Level
   a - Pain                           Necromancy                   1
   b - Animate Skeleton               Necromancy                   1
   c - Vampiric Draining              Necromancy                   3
   d - Regeneration                   Charms/Necromancy            3
   e - Animate Dead                   Necromancy                   4
   f - Control Undead                 Necromancy                   4
Comestibles
 c - 5 bread rations
 m - 2 meat rations
 v - a royal jelly


   Skills:
 - Level 2.0 Dodging
 - Level 2.0 Stealth
 * Level 4.8 Spellcasting
 + Level 5.3 Necromancy


You had 2 spell levels left.
You knew the following spells:

 Your Spells              Type           Power        Failure   Level  Hunger
a - Pain                  Necr           ###.         1%          1    None
b - Animate Skeleton      Necr           N/A          1%          1    None
c - Vampiric Draining     Necr           ###.......   6%          3    ###....
d - Regeneration          Chrm/Necr      ##........   17%         3    ###....
e - Control Undead        Necr           ###.......   17%         4    ####...


Dungeon Overview and Level Annotations

Branches:
Dungeon (4/15)
 Temple: D:4-7

Altars:
Dithmenos
Nemelex Xobeh

Annotations:
D:4 Eustachio


Message History

Confirm with . or Enter, or press ? or * to list all spells.
You can't see any susceptible monsters within range! (Use Z to cast anyway.)
Casting: Pain
Confirm with . or Enter, or press ? or * to list all spells.
Aiming: Vampiric Draining
Press: ? - help, Shift-Dir - straight line, f - phantom, p - Eustachio
Aim: a phantom (translocational energy)
Okay, then.
Casting: Vampiric Draining
Confirm with . or Enter, or press ? or * to list all spells.
The phantom resists with some effort.
The ufetubus hits you. The ufetubus closely misses you. The phantom hits you.
The ufetubus hits you. The ufetubus barely misses you. The ufetubus hits you.
* * * LOW HITPOINT WARNING * * *
The ufetubus barely misses you. The phantom hits you.
* * * LOW HITPOINT WARNING * * *
You climb upwards.
There is a stone staircase leading down here.
Unknown command.
Are you sure you want to abandon this character and quit the game? (Confirm with "yes".)

......####..##.....##.#.# #..#
.........).##8.....8#.#.# #..#
............##.....##...# #..#
.......[....##8...8###..# #..####
............##.....###..###......
........._..#8.....8#............
............##.....###..###.#....
######.)....##8.W.8####.#.#.#.###
#......####@####.....#.#....
######......##########....#.#####
Z.).........<###.##.##.#..#......
#######......# #....##.#..#.###.#
#......# ####)##รท##.#.# #.#
#......# #.##.##...# #.# ###
#......# #.##.##...# #.# ..#
#......# #.##.##...# #.# ..#
###'#### #.##.##.#.###.#


You could see a phantom.

Vanquished Creatures
  A hound (D:4)
  Terence (D:3)
  6 adders
  9 gnolls
  An ooze (D:1)
  4 worms
  A giant gecko (D:1)
  An orc (D:3)
  3 ball pythons
  3 giant cockroaches
  2 goblins
  10 hobgoblins
  6 bats
  6 giant newts
  2 jackals (D:3)
  13 kobolds
  A quokka (D:3)
  15 rats
85 creatures vanquished.

Vanquished Creatures (collateral kills)
  A goblin (D:3)
1 creature vanquished.

Grand Total: 86 creatures vanquished

Notes
Turn   | Place    | Note
--------------------------------------------------------------
     0 | D:1      | Ordine the Human Necromancer began the quest for the Orb.
     0 | D:1      | Reached XP level 1. HP: 13/13 MP: 3/3
     2 | D:1      | Learned a level 1 spell: Animate Skeleton
   229 | D:1      | Reached XP level 2. HP: 11/19 MP: 0/5
   537 | D:1      | Reached XP level 3. HP: 21/24 MP: 2/7
   834 | D:1      | Learned a level 3 spell: Vampiric Draining
  1559 | D:1      | Reached XP level 4. HP: 22/30 MP: 2/8
  1690 | D:1      | Learned a level 3 spell: Regeneration
  2912 | D:3      | Noticed Terence
  2926 | D:3      | Killed Terence
  2926 | D:3      | Reached XP level 5. HP: 21/35 MP: 0/10
  3109 | D:3      | Found a sparkling altar of Nemelex Xobeh.
  3155 | D:3      | Reached skill level 5 in Necromancy
  3350 | D:3      | Learned a level 4 spell: Control Undead
  3519 | D:3      | Found a shadowy altar of Dithmenos.
  3925 | D:2      | Reached XP level 6. HP: 15/41 MP: 1/12
  4884 | D:4      | Noticed Eustachio
  5406 | D:3      | Quit the game

Vault maps used:
D:1:      minmay_arrival_four_circles, minmay_misc_feat_room,
          wad_floor_pattern_2
D:3:      nicolae_overflow_hidden_temple, nemelex_deck, first_bread,
          uniq_terence
D:4:      uniq_eustachio

Action                   |  1- 3 |  4- 6 || total
-------------------------+-------+-------++-------
Melee: Unarmed           |     2 |       ||     2
       Dagger            |     1 |     1 ||     2
 Cast: Pain              |    51 |   168 ||   219
       Animate Skeleton  |     3 |     9 ||    12
       Vampiric Draining |       |     2 ||     2
       Control Undead    |       |     1 ||     1
       Regeneration      |       |     1 ||     1
  Use: Scroll            |     6 |     5 ||    11
       Potion            |       |     3 ||     3
  Eat: Chunk             |     1 |    11 ||    12
       Beef jerky        |       |     1 ||     1
